 Dungeon Crawl Stone Soup version 0.29-a0-563-g64e4043184 (webtiles) character file.

Game seed: 2993037014989461842

263 Pooter the Chopper (level 5, -7/48 HPs)
             Began as a Minotaur Fighter on June 11, 2022.
             Mangled by Menkaure (11 damage)
             ... on level 4 of the Dungeon.
             The game lasted 00:13:47 (3112 turns).

Pooter the Chopper (Minotaur Fighter)               Turns: 3112, Time: 00:13:47

Health: -7/48      AC: 13    Str: 21    XL:     5   Next: 97%
Magic:  0/1        EV:  5    Int:  5    God:
Gold:   188        SH:  4    Dex:  9    Spells: 4/4 levels left

rFire   . . .      SeeInvis .   a - +4 hand axe "Lexema" {antimagic, rElec rPois rC+++ rCorr Str-2}
rCold   + + +      Faith    .   c - +0 buckler
rNeg    . . .      Spirit   +   q - +0 plate armour
rPois   +          Reflect  .   (helmet restricted)
rElec   +          Harm     .   (no cloak)
rCorr   +          Rampage  .   s - +0 pair of gloves
Will    .....                   (no boots)
Stlth   ..........              G - amulet of guardian spirit
HPRegen 0.16/turn               (no ring)
MPRegen 0.07/turn               (no ring)

@: no status effects
A: horns 2, retaliatory headbutt
a: no special abilities


You were on level 4 of the Dungeon.
You visited 1 branch of the dungeon, and saw 4 of its levels.

You collected 188 gold pieces.

Inventory:

Hand Weapons
 a - the +4 hand axe "Lexema" (weapon) {antimagic, rElec rPois rC+++ rCorr Str-2}
   (You took it off a kobold on level 4 of the Dungeon)

   It reduces the magical energy of the wielder, and disrupts the spells and
   magical abilities of those it strikes.
   Natural abilities and divine invocations are not affected.
   Str:       It affects your strength (-2).
   rC:        It renders you almost immune to cold.
   rElec:     It insulates you from electricity.
   rPois:     It protects you from poison.
   rCorr:     It protects you from acid and corrosion.
 b - a +0 hunting sling
   (You found it on level 2 of the Dungeon)
 i - a +1 hand axe of venom
   (You took it off an orc on level 4 of the Dungeon)
 o - a +1 war axe
Missiles
 l - 2 boomerangs
 u - 3 poisoned darts
 Q - 99 stones (quivered)
Armour
 c - a +0 buckler (worn)
 q - a +0 plate armour (worn)
   (You found it on level 3 of the Dungeon)
 s - a +0 pair of gloves (worn)
   (You found it on level 1 of the Dungeon)
Jewellery
 G - an amulet of guardian spirit (around neck)
   (You found it on level 2 of the Dungeon)
 P - a ring of poison resistance
   (You took it off an orc on level 3 of the Dungeon)
Scrolls
 e - a scroll of torment {unknown}
 g - a scroll of noise {!r}
 j - a scroll of silence {unknown}
 n - a scroll of amnesia
 t - 2 scrolls of teleportation {@r4}
Potions
 d - a potion of might
 f - a potion of attraction {unknown}
 h - 3 potions of resistance {unknown}
 k - 4 potions of curing {unknown}
 m - 2 potions of cancellation {unknown}
 p - 2 potions of lignification {unknown}
 r - a potion of heal wounds {@q2}


   Skills:
 + Level 5.0 Fighting
 * Level 5.7 Axes
 + Level 2.1 Slings
 + Level 4.2 Armour
 - Level 3.6 Shields


You had 4 spell levels left.
You didn't know any spells.
Your spell library contained the following spells:

 Spells                   Type           Power      Damage    Failure   Level
 Foxfire                  Conj/Fire      0%         2x1d4     100%        1
 Summon Small Mammal      Summ           0%         N/A       100%        1
 Ensorcelled Hibernation  Hex/Ice        0%         N/A       100%        2
 Passwall                 Tmut/Erth      0%         N/A       100%        2
 Call Canine Familiar     Summ           0%         N/A       100%        3
 Summon Guardian Golem    Hex/Summ       0%         N/A       100%        3
 Swiftness                Air            0%         N/A       100%        3
 Fireball                 Conj/Fire      0%         3d3       100%        5
 Iskenderun's Battlesphe  Conj           0%         2d6       100%        5
 Conjure Ball Lightning   Conj/Air       0%         3x3d6     100%        6
 Starburst                Conj/Fire      0%         6d3       100%        6
 Orb of Destruction       Conj           0%         9d5       100%        7


Dungeon Overview and Level Annotations

Branches:
Dungeon (4/15)
 Temple: D:4-7

Altars:

Annotations:
D:4 Menkaure


Innate Abilities, Weirdness & Mutations

You have a pair of horns on your head.
You reflexively headbutt those who attack you in melee.


Message History

You feel sick.
The ball python bites you but does no damage.
The ball python barely misses you. x2; You furiously retaliate!
You headbutt the ball python. The ball python grabs you.
The ball python constricts you.
You barely miss the ball python.
You headbutt the ball python, but do no damage.
You feel sick.
You are no longer poisoned.
The ball python bites you but does no damage.
The ball python constricts you.
You are too injured to fight recklessly!
You are too injured to fight recklessly!
You are too injured to fight recklessly!
You are too injured to fight recklessly!
You hit the ball python.
You kill the ball python!
Q - 99 stones (gained 12)
u - 3 poisoned darts
There is a stone staircase leading up here.
Found 2 sedimented pink potions.
k - 4 sedimented pink potions (gained 2)
You feel magic returning to you.
b - a +0 hunting sling (weapon)
Found a stone staircase leading up.
There is a stone staircase leading up here.
You see here a +0 hunting sling.
There is a stone staircase leading up here.
Menkaure, Prince of Dust comes into view.
Menkaure gestures wildly while chanting.
Menkaure seems to speed up.
You feel weaker.
You feel magic leave you.
a - the +4 hand axe "Lexema" (weapon)
{antimagic, rElec rPois rC+++ rCorr Str-2} Menkaure hits you but does no damage.
You barely miss Menkaure. Menkaure hits you! Menkaure hits you.
You completely miss Menkaure.
Menkaure murmurs in an indecipherable tongue.
Menkaure hits you!
* * * LOW HITPOINT WARNING * * *
You hit Menkaure.
Menkaure's magic leaks into the air.
Menkaure completely misses you.
You hit Menkaure.
Menkaure's magic leaks into the air.
You headbutt Menkaure, but do no damage.
Menkaure hits you!!
* * * LOW HITPOINT WARNING * * *
You hit Menkaure.
Menkaure's magic leaks into the air.
Menkaure shouts, "The sands of time shall wipe you from history!"
Menkaure hits you!
You die...

###...##..#...#
#...###...#.## ##..#
###....## #..#
##.#..# ###..#
#.##.###
#....######.......
###.##..##.......รท.#
#....##.##.######<.#
#..@.##.##.# #..#
#..M.......# #)..
#....#..#### ##..
#....#....# ##.
##.####.#.# ####.
.... #.#... .......
..... #.############
......#.......##
.....#<.......##


You could see Menkaure (fast, magic disrupted).

Vanquished Creatures
  A scorpion (D:4)
  A hound (D:4)
  Natasha (D:3)
  A gnoll (D:1)
  4 adders
  3 worms
  6 orcs
  8 ball pythons
  8 endoplasms
  5 giant cockroaches
  9 goblins
  11 hobgoblins
  4 quokkas
  11 bats
  3 frilled lizards
  6 kobolds
  5 rats
87 creatures vanquished.

Notes
Turn   | Place    | Note
-------+----------+-------------------------------------------
     0 | D:1      | Pooter the Minotaur Fighter began the quest for the Orb.
     0 | D:1      | Reached XP level 1. HP: 19/19 MP: 0/0
   187 | D:1      | Reached XP level 2. HP: 26/27 MP: 1/1
   484 | D:1      | Reached XP level 3. HP: 33/33 MP: 2/2
  1111 | D:2      | Reached XP level 4. HP: 41/41 MP: 3/3
  1195 | D:2      | Reached skill level 1 in Slings
  1939 | D:3      | Noticed Natasha
  1943 | D:3      | Killed Natasha
  1944 | D:3      | Reached skill level 5 in Axes
  1989 | D:3      | Reached XP level 5. HP: 47/47 MP: 4/4
  2000 | D:3      | Got the Tome of Flames
  2278 | D:3      | Found a faded altar of an unknown god.
  2717 | D:4      | Identified the +4 hand axe "Lexema" {antimagic, rElec rPois
                  | rC+++ rCorr Str-2}
  2896 | D:4      | Reached skill level 5 in Fighting
  3104 | D:4      | Noticed Menkaure
  3112 | D:4      | Mangled by Menkaure

Illustrated notes

Levels and vault maps discovered:
D:1:      minmay_arrival_hallway, layout_loops_ring
D:2:      layout_rooms, minmay_heptomino_w4
D:3:      layout_loops_corners, shapermc_ecumenical_altar_hornbeckon,
          minmay_circle_x, uniq_natasha
D:4:      layout_rooms, uniq_menkaure

Skill      XL: |  1  2  3  4  5 |
---------------+----------------+-----
Axes           | 3 4 5 |  5.7
Fighting       | 4 5 |  5.0
Slings         | 1 2 |  2.1
Armour         | 4 |  4.2
Shields        | |  3.6

Action                   |  1- 3 |  4- 6 || total
-------------------------+-------+-------++-------
Melee: War axe           |    78 |    72 ||   150
       Headbutt          |     7 |     9 ||    16
       Hand axe          |       |    10 ||    10
 Fire: Hunting sling     |     5 |    54 ||    59
Throw: Stone             |    24 |       ||    24
  Use: Scroll            |       |     5 ||     5
Armor: Scale mail        |    29 |       ||    29
       Chain mail        |    20 |     9 ||    29
       Plate armour      |       |    47 ||    47
Dodge: Dodged            |    45 |    36 ||    81
Block: Buckler           |    22 |    11 ||    33

Table legend: (Time is in decaauts)
 A = Elapsed time spent in this place.
 B = Non-inter-level travel time spent in this place.
 C = Inter-level travel time spent in this place.
 D = Time resting spent in this place.
 E = Time spent auto-exploring this place.
 F = Levels seen in this place.
 G = Mean time per level.
                   A        B        C        D        E       F      G
               +--------+--------+--------+--------+--------+-----+--------+
         Total |   3209 |   3113 |     96 |    103 |   2301 |   4 |  802.2 |
       Dungeon |   3209 |   3113 |     96 |    103 |   2301 |   4 |  802.2 |
               +--------+--------+--------+--------+--------+-----+--------+

Top non-repeatable levels by time:
     D:3: 1033 daAuts
     D:1: 977 daAuts
     D:4: 639 daAuts
     D:2: 558 daAuts
